 Dungeon Crawl Stone Soup version 0.26.1-2-gb8aa6d0cf2 (webtiles) character file.

Game seed: 12495441545353582817

887 nikku the Skirmisher (level 8, -3/71 HPs)
             Began as a Hill Orc Fighter on Feb 27, 2021.
             Succumbed to Edmund's poison
             ... on level 4 of the Dungeon on Mar 13, 2021.
             The game lasted 00:08:19 (4423 turns).

nikku the Skirmisher (Hill Orc Fighter)             Turns: 4423, Time: 00:08:20

Health: -3/71      AC:  9    Str: 21    XL:     8   Next: 5%
Magic:  8/8        EV:  8    Int:  8    God:
Gold:   73         SH: 10    Dex: 10    Spells: 7/7 levels left

rFire    . . .     SeeInvis .   a - +0 war axe
rCold    . . .     Faith    .   c - +0 kite shield
rNeg     . . .     Spirit   .   b - +0 scale mail
rPois    .         Reflect  .   (no helmet)
rElec    .         Harm     .   k - +1 cloak
rCorr    .         Rampage  .   (no gloves)
Will     .....                  (no boots)
Stlth    ..........             (no amulet)
HPRegen  0.21/turn              (no ring)
MPRegen  0.11/turn              (no ring)

@: lethally poisoned (-3 -> -38)
A: no striking features
a: no special abilities


You were on level 4 of the Dungeon.
You visited 1 branch of the dungeon, and saw 4 of its levels.

You collected 73 gold pieces.

Inventory:

Hand Weapons
 a - a +0 war axe (weapon)
Armour
 b - a +0 scale mail (worn)
 c - a +0 kite shield (worn)
 k - a +1 cloak (worn)
Wands
 d - a wand of digging (7)
Scrolls
 j - a scroll of remove curse
Potions
 e - 4 potions of curing
 f - a potion of flight {unknown}
 g - 3 potions of ambrosia {unknown}
 h - a potion of berserk rage {unknown}
 i - 2 potions of lignification {unknown}
 l - a potion of magic {unknown}


   Skills:
 + Level 6.4 Fighting
 + Level 6.3 Axes
 + Level 5.9 Armour
 + Level 5.8 Shields


You had 7 spell levels left.
You didn't know any spells.
Your spell library contained the following spells:

 Spells                   Type           Power        Failure   Level
 Corona                   Hex            0%           98%         1
 Ensorcelled Hibernation  Hex/Ice        0%           99%         2
 Confusing Touch          Hex            0%           100%        3
 Dazzling Flash           Conj/Hex       0%           100%        3
 Tukima's Dance           Hex            0%           100%        3


Dungeon Overview and Level Annotations

Branches:
Dungeon (4/15)
 Temple: D:4-7

Altars:
Fedhas

Annotations:
D:3 exclusion: downstairs
D:4 Edmund, Pikel


Message History

You are more poisoned.
You barely miss Edmund.
Edmund is almost dead.
* * * LOW HITPOINT WARNING * * *
You feel very sick.
Edmund gestures with his flail.
You block Edmund's attack.
You hit Edmund but do no damage.
Edmund is almost dead.
* * * LOW HITPOINT WARNING * * *
You feel very sick. You block Edmund's attack.
You barely miss Edmund.
Edmund is almost dead.
* * * LOW HITPOINT WARNING * * *
You feel very sick. Edmund closely misses you.
You hit Edmund but do no damage.
Edmund is almost dead.
You die...

### #.....#.P..+ ..
# # #.....#.P..#...
.......
#####..............
.......
...................
.......
......####@........
>...##.
...................
.... #.
...........######..
... #.
...........########
#. #.
#######........)@#
#........@.#
#..........#
#.........##
.......####.....
........# #.....8
........# #....8.8
......... ........
......... .......#


You could see Edmund.

Vanquished Creatures
  Grinder (D:3)
  Sigmund (D:3)
  Duvessa (D:4)
  Dowan (D:4)
  A hound (D:3)
  An orc wizard (D:3)
  A gnoll shaman (D:4)
  Crazy Yiuf (D:2)
  An iguana (D:4)
  8 gnolls
  4 adders
  2 oozes (D:1)
  An adder zombie (D:4)
  An adder skeleton (D:4)
  5 dart slugs
  2 worms (D:3)
  2 leopard geckos (D:3)
  4 orcs (D:3)
  6 giant cockroaches
  10 goblins
  5 hobgoblins
  2 quokkas
  6 bats
  5 frilled lizards
  4 kobolds
  A quokka skeleton (D:4)
  11 rats
88 creatures vanquished.

Vanquished Creatures (others)
  A withered plant (D:4)
1 creature vanquished.

Grand Total: 89 creatures vanquished

Notes
Turn   | Place    | Note
-------+----------+-------------------------------------------
     0 | D:1      | nikku the Hill Orc Fighter began the quest for the Orb.
     0 | D:1      | Reached XP level 1. HP: 19/19 MP: 1/1
   295 | D:1      | Reached XP level 2. HP: 22/27 MP: 2/2
   946 | D:1      | Reached XP level 3. HP: 33/33 MP: 3/3
  1462 | D:2      | Found a runed translucent door.
  1463 | D:2      | Noticed Crazy Yiuf
  1472 | D:2      | Killed Crazy Yiuf
  1473 | D:2      | Reached XP level 4. HP: 22/41 MP: 4/4
  2366 | D:3      | Reached XP level 5. HP: 29/47 MP: 5/5
  2490 | D:3      | Noticed Grinder
  2504 | D:3      | Killed Grinder
  2505 | D:3      | Reached skill level 5 in Fighting
  2505 | D:3      | Reached skill level 5 in Axes
  2505 | D:3      | Reached skill level 5 in Armour
  2505 | D:3      | Reached XP level 6. HP: 24/56 MP: 6/6
  2962 | D:3      | Noticed Sigmund
  2969 | D:3      | Killed Sigmund
  2970 | D:3      | Reached skill level 5 in Shields
  2970 | D:3      | Reached XP level 7. HP: 53/62 MP: 7/7
  3553 | D:4      | Noticed Duvessa
  3553 | D:4      | Noticed Dowan
  3567 | D:4      | Killed Dowan
  3569 | D:4      | Killed Duvessa
  3739 | D:4      | Noticed Pikel
  4055 | D:4      | Found a blossoming altar of Fedhas.
  4072 | D:4      | Reached XP level 8. HP: 36/71 MP: 8/8
  4078 | D:4      | Noticed Edmund
  4422 | D:4      | HP: 1/71 [poisoned by Edmund]
  4423 | D:4      | Succumbed to Edmund's poison

Illustrated notes

Levels and vault maps discovered:
D:1:      psy_arrival_spokes, layout_basic, hangedman_feature_mirror
D:2:      layout_basic, minmay_misc_feat_room, solitary_fountain,
          skrybe_limestone_x, uniq_crazy_yiuf_cottage
D:3:      layout_loops_corners, minivault_25, uniq_sigmund, uniq_grinder
D:4:      layout_basic, fedhas_altar_2, minmay_temple_entry_steel_oval,
          serial_undead, serial_undead_f, serial_undead_b, serial_undead_e,
          serial_undead_c, uniq_duvessa, uniq_pikel, uniq_edmund

Skill      XL: |  1  2  3  4  5  6  7 |
---------------+----------------------+-----
Axes           | 3 4 5 6 |  6.3
Fighting       | 4 5 6 |  6.4
Armour         | 4 5 |  5.9
Shields        | 4 5 |  5.8

Action                   |  1- 3 |  4- 6 |  7- 9 || total
-------------------------+-------+-------+-------++-------
Melee: War axe           |   112 |   120 |   118 ||   350
  Use: Scroll            |       |     3 |     3 ||     6
       Potion            |       |     1 |       ||     1
Armor: Scale mail        |    54 |    40 |    51 ||   145
Dodge: Dodged            |    39 |    41 |    37 ||   117
Block: Kite shield       |    64 |    56 |    87 ||   207
